 Dungeon Crawl Stone Soup version 0.30-a0-860-g512cf1e979 (webtiles) character file.

Game seed: 4960324363201638075

22274 Newt the Skirmisher (level 13, -9/64 HPs)
             Began as a Kobold Hunter on Mar 7, 2023.
             Was an Elder of Hepliaklqana.
             Killed from afar by an efreet (33 damage)
             ... with a fireball
             ... on level 13 of the Dungeon.
             The game lasted 00:18:05 (15731 turns).

Newt the Skirmisher (Kobold Hunter)                Turns: 15731, Time: 00:18:05

Health: -9/64      AC:  5    Str:  8    XL:     13   Next: 26%
Magic:  29/29      EV: 29    Int: 12    God:    Hepliaklqana [****..]
Gold:   646        SH:  0    Dex: 26    Spells: 28/37 levels left

rFire   . . .      SeeInvis .    a - +3 shortbow (freeze)
rCold   + . .      Faith    .    (shield currently unavailable)
rNeg    . . .      Spirit   .    m - +1 robe {Archmagi}
rPois   .          Reflect  .    H - +1 hat "Iqoptef" {rC+ Regen+ rCorr Dex-2}
rElec   .          Rampage  .    (no cloak)
rCorr   +          Archmagi +    S - +0 pair of gloves {Stlth+}
Will    .....                    (no boots)
Stlth   ++++                     d - amulet of the acrobat
HPRegen 1.10/turn                C - +5 ring of evasion
MPRegen 0.21/turn                n - +6 ring of dexterity

@: no status effects
A: reduced essence, small, no large weapons, nightstalker 3
a: Renounce Religion, Recall Ancestor, Ancestor Identity, Transference, Idealise


You were on level 13 of the Dungeon.
You worshipped Hepliaklqana.
Hepliaklqana was greatly pleased with you.
You visited 2 branches of the dungeon, and saw 14 of its levels.

You collected 676 gold pieces.
You spent 30 gold pieces at shops.

Inventory:

Hand Weapons
 a - a +3 shortbow of freezing (weapon)
Missiles
 G - a throwing net
 O - a boomerang of dispersal
Armour
 c - a +0 leather armour
 i - a +0 pair of gloves
 l - a +0 cloak
 m - a +1 robe of the Archmagi (worn)
 H - the +1 hat "Iqoptef" (worn) {rC+ Regen+ rCorr Dex-2}
   (You found it on level 8 of the Dungeon)

   Dex:       It affects your dexterity (-2).
   rC:        It protects you from cold.
   Regen:     It increases your rate of health regeneration.
   rCorr:     It protects you from acid and corrosion.
 S - a +0 pair of gloves of stealth (worn)
Jewellery
 d - an amulet of the acrobat (around neck)
 g - a ring of protection from fire
 k - an amulet of guardian spirit
 n - a +6 ring of dexterity (right hand)
 o - a ring of fire
 u - a ring of flight
 C - a +5 ring of evasion (left hand)
 L - a ring of ice
 M - a ring of fire
Wands
 r - a wand of flame (67)
 y - a wand of roots (18)
 z - a wand of mindburst (12)
 I - a wand of charming (16)
 R - a wand of light (1)
Scrolls
 f - 3 scrolls of fog
 j - 3 scrolls of magic mapping
 q - 4 scrolls of amnesia
 w - 2 scrolls of silence
 A - 3 scrolls of teleportation
 E - a scroll of poison
 J - a scroll of brand weapon
 N - 2 scrolls of vulnerability
Potions
 b - 2 potions of degeneration
 e - 4 potions of curing
 h - a potion of attraction
 p - 4 potions of resistance
 s - 2 potions of haste
 t - a potion of invisibility
 v - a potion of berserk rage
 x - a potion of heal wounds
 B - a potion of might
 D - a potion of brilliance
 F - 2 potions of mutation {unknown}
Miscellaneous
 K - a phantom mirror


   Skills:
 - Level 5.0 Fighting
 - Level 14.0 Ranged Weapons
 - Level 10.0 Dodging
 - Level 1.3 Stealth
 + Level 12.9 Spellcasting
 - Level 6.3 Hexes
 - Level 6.3 Translocations
 - Level 6.0 Evocations


You had 28 spell levels left.
You knew the following spells:

 Your Spells              Type           Power      Damage    Failure   Level
a - Portal Projectile     Hex/Tloc       68%        N/A       1%          3
b - Summon Guardian Gole  Hex/Summ       23%        N/A       7%          3
c - Tukima's Dance        Hex            34%        N/A       1%          3

Your spell library contained the following spells:

 Spells                   Type           Power      Damage    Failure   Level
 Vhi's Electric Charge    Tloc/Air       46%        N/A       8%          3
 Static Discharge         Conj/Air       22%        2-3/arc   14%         2
 Arcjolt                  Conj/Air       5%         1d15      94%         5
 Blade Hands              Tmut           5%         N/A       94%         5
 Lightning Bolt           Conj/Air       5%         1d17      94%         5
 Orb of Destruction       Conj           5%         9d5       100%        7
 Spellforged Servitor     Conj/Summ      5%         N/A       100%        7


Dungeon Overview and Level Annotations

Branches:
Dungeon (13/15) Temple (1/1) D:4 Orc (0/2) D:10 Vaults (0/5) D:12 D:13 Lair: D:8-11

Altars:
Ashenzari
Cheibriados
Dithmenos
Elyvilon
Fedhas
Gozag
Hepliaklqana
Kikubaaqudgha
Makhleb
Nemelex Xobeh
Okawaru
Ru
Sif Muna
Trog
Uskayaw
Vehumet
Wu Jian
Xom
Yredelemnul
Zin
The Shining One

Shops:
D:1 *(**   D:4 :


Innate Abilities, Weirdness & Mutations

Your life essence is reduced to manifest your ancestor. (-10% HP)
You are small and have problems with some larger weapons.
You are completely attuned to the shadows.


Message History

You shoot an arrow. The arrow hits the acid dragon.
The arrow freezes the acid dragon.
The acid dragon is moderately wounded.
You shoot an arrow. The arrow hits the acid dragon!
The arrow freezes the acid dragon.
The acid dragon is severely wounded.
Simosihle hits the acid dragon with a +0 flail!
The acid dragon dies!
No target in view!
No target in view!
No target in view!
HP restored.
An efreet comes into view.
It is wielding a +1 scimitar of flaming.
An efreet is nearby!
An efreet is nearby!
You shoot an arrow. The arrow hits the efreet.
The arrow freezes the efreet.
The efreet is moderately wounded.
The efreet gestures at you. The bolt of fire hits you!
You shoot an arrow. The arrow hits the efreet!
The arrow freezes the efreet!
The efreet is severely wounded.
You shoot an arrow. The arrow hits the efreet.
The arrow freezes the efreet.
The efreet is severely wounded.
The efreet gestures at you.
The fireball explodes!
The fireball engulfs you!!
You hear an angry hiss.
You are too injured to fight recklessly!
You are too injured to fight recklessly!
You are too injured to fight recklessly!
You are too injured to fight recklessly!
Unknown command.
Fire: a) +3 shortbow (freeze)
Press: ? - help, Shift-Dir - straight line, f/p - efreet
Aim: an efreet, wielding a +1 scimitar of flaming (severely wounded, ally target, 86% to hit)
You shoot an arrow. The arrow hits the efreet.
The arrow freezes the efreet.
The efreet is almost dead.
The efreet gestures at you.
The fireball explodes!
The fireball engulfs you!!
Ouch! That really hurt!
You die...

. .....° .#.#..RR.
.....#.....
....#.......
#.......@....
#......<.....
...............#...##
........cc..)..#####
...............#
...............#
....<∩.........#
....@<.........#
...........#####


You could see the friendly Simosihle the knight and an efreet (ally target).

Vanquished Creatures
  Rupert (D:12)
  2 hydras
  A boulder beetle (D:9)
  2 orc knights (D:12)
  A deep elf pyromancer (D:9)
  2 manticores
  2 ugly things
  An unseen horror (D:11)
  A troll (D:12)
  A hornet (D:9)
  2 slime creatures
  Sigmund (D:2)
  A wyvern (D:7)
  13 yaks
  2 vampires (D:12)
  13 humans
  4 wraiths
  Grum (D:8)
  The ghost of Juicyj the Frost Mage, an amateur GnWn (D:3)
  2 acid dragons
  2 black bears
  2 ice beasts
  2 orc warriors (D:12)
  3 centaurs
  3 wolves
  A phantom (D:5)
  A bullfrog (D:7)
  A kobold brigand (D:9)
  4 scorpions
  3 gnoll sergeants
  6 wights
  13 killer bees
  4 howler monkeys
  2 jellies
  5 orc priests
  3 quasits (D:3)
  A gnoll bouda (D:8)
  2 hounds
  Natasha (twice) (D:3)
  4 iguanas
  7 orc wizards
  15 gnolls
  6 adders
  A shadow imp (D:5)
  3 ufetubi
  2 worms (D:2)
  A dart slug (D:3)
  36 orcs
  3 bats
  7 endoplasms
  6 giant cockroaches
  10 goblins
  9 hobgoblins
  10 jackals
  6 quokkas
  6 ball pythons
  2 frilled lizards (D:1)
  8 kobolds
  5 rats
261 creatures vanquished.

Vanquished Creatures (collateral kills)
  2 centaur warriors
  2 boulder beetles
  2 trolls
  A vampire (D:12)
  A shadow (D:10)
  2 yaks
  3 humans (D:12)
  A steam dragon (D:9)
  A vampire mosquito (D:9)
  2 acid dragons
  2 orc warriors
  An ice beast (D:7)
  A wight (D:8)
  2 killer bees
  A howler monkey (D:11)
  2 orc wizards
  A gnoll (D:8)
  7 orcs
  A kobold (D:9)
35 creatures vanquished.

Vanquished Creatures (others)
  Fannar (D:11)
  A two-headed ogre (D:9)
  2 orc warriors (D:12)
  2 killer bees (D:9)
  7 knights
  An ancestor (D:6)
14 creatures vanquished.

Grand Total: 310 creatures vanquished

Notes
Turn   | Place    | Note
-------+----------+-------------------------------------------
     0 | D:1      | Newt the Kobold Hunter began the quest for the Orb.
     0 | D:1      | Reached XP level 1. HP: 12/12 MP: 1/1
    51 | D:1      | Found Vumynetz's Assorted Antiques.
   444 | D:1      | Reached XP level 2. HP: 18/18 MP: 2/2
   473 | D:1      | Found Vonu's Assorted Antiques.
   479 | D:1      | Bought a scroll labelled BEORHIPLIU for 30 gold pieces
   538 | D:1      | Found Bomil's Weapon Boutique.
   636 | D:1      | Reached XP level 3. HP: 23/23 MP: 3/3
   698 | D:1      | Found Kedeweh's Assorted Antiques.
  1377 | D:2      | Noticed Sigmund
  1381 | D:2      | Killed Sigmund
  1382 | D:2      | Reached skill level 5 in Fighting
  1382 | D:2      | Reached skill level 7 in Ranged Weapons
  1382 | D:2      | Reached XP level 4. HP: 31/31 MP: 4/4
  1382 | D:2      | Reached XP level 5. HP: 35/35 MP: 5/5
  1382 | D:2      | Reached XP level 6. HP: 40/40 MP: 6/6
  1423 | D:2      | Found a faded altar of an unknown god.
  2375 | D:3      | Found a transporter.
  2378 | D:3      | Noticed Juicyj's ghost (amateur GnWn)
  2392 | D:3      | Found a transporter.
  2503 | D:3      | Reached skill level 8 in Ranged Weapons
  2795 | D:3      | Found a snail-covered altar of Cheibriados.
  2850 | D:3      | Noticed Natasha
  2857 | D:3      | Killed Natasha
  3165 | D:3      | Reached XP level 7. HP: 39/44 MP: 7/7
  3170 | D:3      | Reached skill level 9 in Ranged Weapons
  3170 | D:3      | Killed Juicyj's ghost
  3426 | D:3      | Noticed Natasha
  3430 | D:3      | Killed Natasha
  3571 | D:4      | Reached skill level 10 in Ranged Weapons
  3886 | D:4      | Found a staircase to the Ecumenical Temple.
  4062 | Temple   | Entered the Ecumenical Temple
  4144 | Temple   | Became a worshipper of Hepliaklqana the Forgotten
  4178 | D:4      | Reached XP level 8. HP: 49/49 MP: 8/8
  4216 | D:4      | Reached skill level 5 in Dodging
  4676 | D:4      | Found Igeebb's Book Emporium.
  5288 | D:4      | Found a broken altar of Ashenzari.
  5290 | D:4      | Found a shimmering altar of Xom.
  5290 | D:4      | Found an opulent altar of Gozag.
  5291 | D:4      | Found a shimmering blue altar of Sif Muna.
  5413 | D:5      | Entered Level 5 of the Dungeon
  5577 | D:5      | Reached skill level 1 in Evocations
  5733 | D:5      | Reached * piety under Hepliaklqana
  6194 | D:6      | Reached skill level 5 in Evocations
  6196 | D:6      | Reached XP level 9. HP: 34/48 MP: 9/9
  6750 | D:7      | Reached skill level 11 in Ranged Weapons
  6996 | D:7      | Reached ** piety under Hepliaklqana
  6997 | D:7      | Remembered your ancestor Simosihle as a knight
  7167 | D:7      | Reached skill level 12 in Ranged Weapons
  7601 | D:7      | Reached skill level 13 in Ranged Weapons
  8216 | D:8      | Reached skill level 14 in Ranged Weapons
  8216 | D:8      | Reached XP level 10. HP: 41/53 MP: 10/10
  8661 | D:8      | Noticed Grum
  9242 | D:8      | Killed Grum
  9342 | D:8      | Identified the +1 hat "Iqoptef" {rC+ Regen+ rCorr Dex-2}
  9413 | D:8      | Learned a level 3 spell: Portal Projectile
  9445 | D:8      | You fall into a shaft and drop 3 floors!
  9551 | D:10     | Entered Level 10 of the Dungeon
  9634 | D:9      | Noticed a boulder beetle
  9655 | D:9      | Killed a boulder beetle
  9656 | D:9      | Reached skill level 10 in Dodging
  9656 | D:9      | Reached skill level 1 in Spellcasting
  9656 | D:9      | Reached skill level 1 in Hexes
  9656 | D:9      | Reached skill level 1 in Translocations
  9675 | D:9      | Noticed a boulder beetle
  9687 | D:9      | Killed a boulder beetle
  9718 | D:9      | Reached XP level 11. HP: 56/56 MP: 10/15
  9756 | D:9      | Noticed a manticore
  9763 | D:9      | Killed a manticore
  9773 | D:9      | Noticed a deep elf pyromancer
  9780 | D:9      | Killed a deep elf pyromancer
  9830 | D:9      | Noticed a centaur warrior
  9833 | D:9      | Noticed a green ugly thing
  9840 | D:9      | Killed a white ugly thing
  9862 | D:9      | Noticed a five-headed hydra
  9873 | D:9      | Killed a five-headed hydra
 10046 | D:9      | Learned a level 3 spell: Summon Guardian Golem
 10050 | D:9      | Learned a level 3 spell: Tukima's Dance
 10109 | D:9      | Noticed a two-headed ogre
 10131 | D:9      | Killed a two-headed ogre
 10132 | D:9      | Reached skill level 5 in Spellcasting
 10132 | D:9      | Reached skill level 5 in Hexes
 10132 | D:9      | Reached skill level 5 in Translocations
 10268 | D:9      | Found a radiant altar of Vehumet.
 11096 | D:9      | Killed a centaur warrior
 11440 | D:10     | Found a staircase to the Orcish Mines.
 11509 | D:10     | Reached XP level 12. HP: 48/61 MP: 6/21
 11700 | D:10     | Reached *** piety under Hepliaklqana
 12912 | D:11     | Noticed Fannar
 12923 | D:11     | Noticed a five-headed hydra
 12937 | D:11     | Killed Fannar
 12943 | D:11     | Killed a five-headed hydra
 13230 | D:11     | Reached **** piety under Hepliaklqana
 14069 | D:12     | Reached skill level 10 in Spellcasting
 14855 | D:12     | Noticed a boulder beetle
 14871 | D:12     | Killed a boulder beetle
 14941 | D:13     | Noticed a centaur warrior
 15087 | D:13     | Noticed Rupert
 15240 | D:13     | Found a gate to the Vaults.
 15374 | D:12     | Reached XP level 13. HP: 59/64 MP: 28/28
 15602 | D:13     | Killed a centaur warrior
 15636 | D:12     | Killed Rupert
 15731 | D:13     | Killed from afar by an efreet

Illustrated notes

Levels and vault maps discovered:
D:1:      dpeg_arrival_renting, layout_loops_corners, serial_shops,
          nicolae_shop_overgrown_old_shop, nicolae_shop_bloodbath_and_beyond,
          shop, shop
D:2:      wander_river, layout_basic, hellmonk_ecumenical_altar_leap_of_faith,
          uniq_sigmund
D:3:      layout_loops_cross, mainiacjoe_overflow_paths,
          gammafunk_ghost_stat_death, uniq_natasha
D:4:      layout_basic, chequers_temple_overflow_statue_of_worship,
          minmay_temple_entry_tees, serial_shops, nicolae_shop_stone,
          minmay_misc_feat_encased
D:5:      layout_cave_pools
D:6:      layout_rooms
D:7:      layout_layer_cave
D:8:      nicolae_cairo_tiling_very_big, layout_rooms, grunt_qazlal_sundering,
          lair_entry_dummy, uniq_psyche, uniq_grum
D:9:      layout_irregular_city, nicolae_vehumet_radiance, minmay_evil_grid
D:10:     layout_gridville, orc_0_dummy
D:11:     layout_gridville, uniq_fannar
D:12:     layout_grid_maze, special_room [special_room_orc]
D:13:     minmay_the_grid_octo_tiled_squarecenter
          [minmay_the_grid_octo_fan_narrow, minmay_the_grid_octo_odd_swirl,
          minmay_the_grid_octo_chip, minmay_the_grid_octo_clover_2,
          minmay_the_grid_square_5x5_megaprize_hollow,
          minmay_the_grid_square_5x5_misaligned,
          minmay_the_grid_square_5x5_half_checkered,
          minmay_the_grid_square_5x5_shrine2,
          minmay_the_grid_square_5x5_sharp_hourglass], layout_basic,
          david_vaults_3
Temple:   eino_wide_crystal_templ

Skill      XL: |  1  2  3  4  5  6  7  8  9 10 11 12 13 |
---------------+----------------------------------------+-----
Fighting       | 3 5 |  5.0
Ranged Weapons | 7 8 10 14 | 14.0
Dodging        | 4 6 10 | 10.0
Evocations     | 6 |  6.0
Spellcasting   | 3 6 11 12 | 12.9
Hexes          | 3 6 |  6.3
Translocations | 3 6 |  6.3
Stealth        | |  1.3

Action                     |  1- 3 |  4- 6 |  7- 9 | 10-12 | 13-15 || total
---------------------------+-------+-------+-------+-------+-------++-------
  Melee: Shortbow          |       |       |       |     4 |       ||     4
   Fire: Shortbow          |    77 |    92 |   309 |   539 |    59 ||  1076
   Cast: Portal Projectile |       |       |       |    17 |     1 ||    18
         Tukima's Dance    |       |       |       |     6 |       ||     6
         Summon Guardian G |       |       |       |     4 |     1 ||     5
 Invoke: Recall Ancestor   |       |       |     1 |     2 |     1 ||     4
         Ancestor Life: Kn |       |       |     1 |       |       ||     1
  Evoke: Wand              |       |       |       |     2 |     6 ||     8
    Use: Scroll            |     4 |     4 |    11 |     6 |     2 ||    27
         Potion            |       |       |     1 |     3 |     1 ||     5
 Armour: Leather armour    |     7 |    23 |    28 |     2 |       ||    60
         Robe              |       |       |       |    11 |     2 ||    13
  Dodge: Dodged            |    31 |    81 |   168 |   269 |    53 ||   602

Table legend: (Time is in decaauts)
 A = Elapsed time spent in this place.
 B = Non-inter-level travel time spent in this place.
 C = Inter-level travel time spent in this place.
 D = Time resting spent in this place.
 E = Time spent auto-exploring this place.
 F = Levels seen in this place.
 G = Mean time per level.
                   A        B        C        D        E       F      G
               +--------+--------+--------+--------+--------+-----+--------+
         Total |  15693 |  14611 |   1082 |   3307 |   9518 |  14 | 1120.9 |
       Dungeon |  15588 |  14547 |   1041 |   3307 |   9467 |  13 | 1199.1 |
        Temple |    104 |     64 |     40 |      0 |     51 |   1 |  104.0 |
               +--------+--------+--------+--------+--------+-----+--------+

Top non-repeatable levels by time:
     D:7: 2477 daAuts
    D:12: 1989 daAuts
     D:4: 1854 daAuts
     D:9: 1759 daAuts
     D:3: 1435 daAuts
    D:11: 1218 daAuts
    D:10: 1166 daAuts
     D:1: 1140 daAuts
     D:2: 936 daAuts
     D:6: 657 daAuts
     D:5: 624 daAuts
     D:8: 265 daAuts
  Temple: 104 daAuts
    D:13: 62 daAuts
